 Dungeon Crawl Stone Soup version 0.22-a0-355-g201945f (webtiles) character file.

156 4thArraOfDagon the Magician (level 5, -4/35 HPs)
             Began as a Mummy Fire Elementalist on Apr 17, 2018.
             Was an Initiate of Sif Muna.
             Shot with an arrow by a centaur (12 damage)
             ... on level 5 of the Dungeon.
             The game lasted 00:05:09 (1280 turns).

4thArraOfDagon the Magician (MuFE)                  Turns: 1280, Time: 00:05:10

Health: -4/35      AC:  3    Str: 11    XL:     5   Next: 15%
Magic:  2/10       EV: 12    Int: 15    God:    Sif Muna [......]
Gold:   122        SH:  0    Dex: 13    Spells: 3/11 levels left

rFire    x . .     SeeInvis .   e - +2 dagger (speed)
rCold    + . .     Gourm    .   (no shield)
rNeg     + + +     Faith    .   a - +0 robe
rPois    ∞         Spirit   .   (no helmet)
rElec    .         Reflect  .   (no cloak)
rCorr    .         Harm     .   (no gloves)
MR       .....                  b - +0 pair of boots
Stlth    ++........             (no amulet)
HPRegen  0.11/turn              d - ring of wizardry
MPRegen  0.12/turn              (no ring)

@: marked, very slightly contaminated
A: no food or potions, fire vulnerability, cold resistance 1, negative energy
resistance 3, torment resistance, unbreathing
a: Renounce Religion


You were on level 5 of the Dungeon.
You worshipped Sif Muna.
Sif Muna was noncommittal.
You were not hungry.

You visited 2 branches of the dungeon, and saw 6 of its levels.

You collected 122 gold pieces.

Inventory:

Hand Weapons
 e - a +2 dagger of speed (weapon)
Armour
 a - a +0 robe (worn)
 b - a +0 pair of boots (worn)
Jewellery
 d - a ring of wizardry (left hand)
Scrolls
 c - 2 scrolls of fog
 g - 2 scrolls of identify
 h - a scroll of fear


   Skills:
 - Level 1.5 Dodging
 - Level 1.5 Stealth
 + Level 3.7 Spellcasting
 * Level 2.5 Conjurations
 * Level 3.6 Fire Magic
 + Level 0.1 Invocations


You had 3 spell levels left.
You knew the following spells:

 Your Spells              Type           Power        Failure   Level  Hunger
a - Flame Tongue          Conj/Fire      ##...        2%          1    N/A
b - Conjure Flame         Conj/Fire      ##......     6%          3    N/A
c - Sticky Flame          Conj/Fire      ##......     21%         4    N/A

Dungeon Overview and Level Annotations

Branches:
Dungeon (5/15)             Temple (1/1) D:5

Altars:
Elyvilon
Fedhas
Makhleb
Ru
Sif Muna
Trog
Uskayaw
Wu Jian
Xom
Yredelemnul
Zin
The Shining One

Annotations:
D:5 Grinder


Innate Abilities, Weirdness & Mutations

You do not eat or drink.
Your flesh is vulnerable to fire.
You are immune to poison.
Your flesh is cold resistant. (rC+)
You are immune to negative energy. (rN+++)
You are immune to unholy pain and torment.
You can survive without breathing.


Message History

Grinder closely misses you.
Unknown command.
Grinder blinks!
Unknown command.
The alarm trap emits a blaring wail!
A sentinel's mark forms upon you.
You hear a bark!
Unknown command.
Unknown command.
Unknown command.
Unknown command.
Unknown command.
A centaur comes into view.
The centaur wields a shortbow.
The centaur shoots an arrow.
The arrow barely misses you.
You see here an arrow.
The centaur shoots an arrow.
The arrow hits you!
* * * LOW HITPOINT WARNING * * *
The centaur shoots an arrow.
The arrow hits you!
You die...

,,,** ******#.#..........# ,,**
#............###
,##############c...........%**###
,...,..............._.....#,,,..*
,,...*#...................#**..,*
,,,#.###..♣.♣.............# *.#**
...*...*#..>..#...........###.#
...#*#.##.♣.♣.#..........[....#
#..# #..........@............####
#..####.#######5####............#
#..##...# #......##.........#
#..##.### ####..######....#....#
#..#..# ###......# #....######
#....#####...####.# #..........
.....:.##..### *.# #.>..##....
#...##....## #.# #..........
###......(#### #.#####....##....


You could see Grinder and a centaur.

Vanquished Creatures
  A hound (D:4)
  A bullfrog skeleton (D:4)
  A hound skeleton (D:5)
  2 worker ant zombies
  3 adders
  2 oozes
  2 dart slugs
  An orc (D:4)
  A giant cockroach (D:3)
  3 goblins
  2 hobgoblins
  A quokka (D:3)
  2 bats
  2 frilled lizards
  4 kobolds
  4 rats
32 creatures vanquished.

Notes
Turn   | Place    | Note
-------+----------+-------------------------------------------
     0 | D:1      | 4thArraOfDagon the Mummy Fire Elementalist began the quest for the Orb.
     0 | D:1      | Reached XP level 1. HP: 13/13 MP: 4/4
    79 | D:2      | Reached skill level 1 in Conjurations
    79 | D:2      | Reached XP level 2. HP: 19/19 MP: 0/5
   309 | D:2      | Found a faded altar of an unknown god.
   426 | D:3      | Reached XP level 3. HP: 18/24 MP: 4/7
   431 | D:3      | Learned a level 3 spell: Conjure Flame
   518 | D:3      | Found a hide-covered altar of Uskayaw.
   679 | D:4      | Reached XP level 4. HP: 22/30 MP: 5/9
   686 | D:4      | Learned a level 4 spell: Sticky Flame
   791 | D:4      | Found a shimmering altar of Xom.
  1034 | D:5      | Entered Level 5 of the Dungeon
  1095 | D:5      | Found a staircase to the Ecumenical Temple.
  1106 | Temple   | Entered the Ecumenical Temple
  1166 | Temple   | Became a worshipper of Sif Muna the Loreminder
  1187 | D:5      | Found an ornate altar of the Wu Jian Council.
  1199 | D:5      | Reached XP level 5. HP: 35/35 MP: 6/10
  1246 | D:5      | Noticed Grinder
  1266 | D:5      | Paralysed by Grinder for 3 turns
  1279 | D:5      | Noticed a centaur
  1280 | D:5      | Shot with an arrow by a centaur

Vault maps used:
D:1:      dpeg_arrival_houses_and_road
D:2:      chequers_ecumenical_altar_simple_redux
D:3:      eat_drink_and_be_merry_uskayaw
D:4:      nicolae_overflow_hidden_temple, wad_floor_pattern_2
D:5:      overflow_temple_1_default, lemuel_round_altar,
          minmay_temple_entry_trees, first_ration, uniq_eustachio, uniq_grinder
Temple:   compressed_dpeg_triangle_lava_temple

Skill      XL: |  1  2  3 |
---------------+----------+-----
Conjurations   | 1 2 |  2.5
Spellcasting   | 3 |  3.7
Fire Magic     | 3 |  3.6
Dodging        | |  1.5
Stealth        | |  1.5
Invocations    | |  0.1

Action                   |  1- 3 |  4- 6 || total
-------------------------+-------+-------++-------
Melee: Unarmed           |     5 |       ||     5
       Dagger            |    11 |     4 ||    15
 Cast: Flame Tongue      |    47 |     6 ||    53
       Conjure Flame     |     1 |     4 ||     5
       Sticky Flame      |       |     1 ||     1
  Use: Scroll            |       |     4 ||     4
Armor: Robe              |    11 |     1 ||    12
Dodge: Dodged            |    27 |     9 ||    36

Table legend:
 A = Spawn XP
 B = Non-spawn XP
 C = Spawn XP percentage of total XP
 D = Spawn monster count
 E = Non-spawn monster count
 F = Spawn count percentage of total count
 G = Total turns spent on level
                    A         B        C        D         E        F      G
               +---------+---------+-------+---------+---------+-------+---------
         Total |       0 |     224 |   0.0 |       0 |      32 |   0.0 |  1280
               +---------+---------+-------+---------+---------+-------+---------
           D:1 |       0 |       2 |   0.0 |       0 |       2 |   0.0 |    75
           D:2 |       0 |      51 |   0.0 |       0 |      12 |   0.0 |   365
           D:3 |       0 |      32 |   0.0 |       0 |      11 |   0.0 |   210
           D:4 |       0 |      91 |   0.0 |       0 |       4 |   0.0 |   384
           D:5 |       0 |      48 |   0.0 |       0 |       3 |   0.0 |   167
               +---------+---------+-------+---------+---------+-------+---------
